 Dungeon Sprint DCSS version 0.29-a0-1033-gb6c65ffae6 (webtiles) character file.

Game seed: 342901466471394686

5717 mhtbhm the Ninja (level 10, -7/51 HPs)
             Began as a Spriggan Brigand on Aug 14, 2022.
             Was the Champion of Dithmenos.
             Mangled by an orc knight
             ... wielding a +1 great sword
              (17 damage)
             ... in the Dungeon (Sprint III: "The Ten Rune Challenge").
             The game lasted 00:05:49 (1218 turns).

mhtbhm the Ninja (Spriggan Brigand)                 Turns: 1218, Time: 00:05:50

Health: -7/51      AC:  3    Str:  7    XL:     10   Next: 48%
Magic:  18/18      EV: 20    Int: 13    God:    Dithmenos [******]
Gold:   31         SH:  0    Dex: 19    Spells: 9/9 levels left

rFire   . . .      SeeInvis +   a - +2 dagger
rCold   . . .      Faith    .   (no shield)
rNeg    . . .      Spirit   .   b - +0 robe
rPois   .          Reflect  .   (helmet restricted)
rElec   .          Harm     .   c - +0 cloak
rCorr   .          Rampage  .   (gloves unavailable)
Will    +....      NoTele   +   (boots unavailable) Stlth *********+
                                (no amulet)
HPRegen 0.17/turn               (no ring)
MPRegen 0.16/turn               (no ring)

@: wreathed by umbra, very quick
A: very small, no large weapons, unfitting armour, see invisible, speed 3, horns
1, talons 1, clumsy 1
a: Renounce Religion, Shadow Step, Shadow Form


You were in the Dungeon.
You worshipped Dithmenos.
Dithmenos was exalted by your worship.
You visited 1 branch You collected 31 gold pieces.

Inventory:

Hand Weapons
 a - a +2 dagger (weapon)
Missiles
 d - a poisoned dart (quivered)
Armour
 b - a +0 robe (worn)
 c - a +0 cloak (worn)
Jewellery
 l - a +6 ring of intelligence
Scrolls
 k - a scroll of blinking
 m - a scroll of immolation {unknown}
 n - a scroll of identify {unknown}
 p - 2 scrolls of torment {unknown}
 q - a scroll of fear {unknown}
Potions
 i - 2 potions of magic
 o - a potion of ambrosia {unknown}
 r - 2 potions of lignification {unknown}
 s - 2 potions of flight
Miscellaneous
 j - a lightning rod (inert)


   Skills:
 + Level 4.8 Fighting
 + Level 9.1 Short Blades
 + Level 9.2 Throwing
 + Level 5.1 Dodging
 O Level 27 Stealth
 * Level 10.1 Invocations
 + Level 4.8 Evocations


You had 9 spell levels left.
You didn't know any spells.
Your spell library contained the following spells:

 Spells                   Type           Power      Damage    Failure   Level
 Apportation              Tloc           0%         N/A       30%         1
 Necrotise                Necr           0%         1d4       30%         1
 Summon Small Mammal      Summ           0%         N/A       30%         1
 Blink                    Tloc           0%         N/A       43%         2
 Lesser Beckoning         Tloc           0%         N/A       67%         3
 Manifold Assault         Tloc           0%         N/A       100%        5


Dungeon Overview and Level Annotations

Branches:
Dungeon (1/1)

Altars:
Cheibriados
Dithmenos
Elyvilon
Fedhas
Gozag
Hepliaklqana
Kikubaaqudgha
Makhleb
Nemelex Xobeh
Okawaru
Qazlal
Ru
Sif Muna
Trog
Uskayaw
Vehumet
Wu Jian
Xom
Yredelemnul
Zin
The Shining One
Jiyva
Lugonu

Shops:
D [


Innate Abilities, Weirdness & Mutations

You are very small and have problems with some larger weapons.
You are too small for most types of armour.
You have supernaturally acute eyesight. (SInv)
You cover ground extremely quickly. (Speed+++)
You have a pair of small horns on your head.
You have sharp toenails.
You are clumsy. (Dex -2)


Message History

Here: an orc knight, wielding a +1 great sword and wearing a +0 plate armour (severely wounded, extremely poisoned, umbra)
The floor.
Okay, then.
Okay, then.
You hit the orc knight. Your kick misses the orc knight.
The orc knight is severely wounded.
You hit the orc knight but do no damage.
Your kick misses the orc knight.
The orc knight is severely wounded.
Your shadow hits the orc knight with a dagger.
The orc knight hits you with a +1 great sword!
You emit a cloud of dark smoke.
Unknown command.
You feel yourself slow down.
The orc knight hits you with a +1 great sword!!
* * * LOW HITPOINT WARNING * * *
You emit a cloud of dark smoke.
You see here a poisoned dart.
d - a poisoned dart Hit: a) +2 dagger
Press: ? - help, Dir - move target, f - you, p - orc knight You can't see any item there.
Okay, then.
There is a fountain of clear blue water here.
You see here 2 poisoned darts.
d - 3 poisoned darts (gained 2)
There is an open door to the Ecumenical Temple, spattered with blood here.
Throw: 3 darts (poison)
Press: ? - help, Q - select action, (/) - cycle Shift-Dir - straight line, f/p - orc knight
Aim: an orc knight, wielding a +1 great sword and wearing a +0 plate armour (almost dead, very poisoned, umbra, 67% to hit)
You throw a poisoned dart.
The poisoned dart barely misses the orc knight.
Throw: 2 darts (poison)
Press: ? - help, Q - select action, (/) - cycle Shift-Dir - straight line, f/p - orc knight
Aim: an orc knight, wielding a +1 great sword and wearing a +0 plate armour (almost dead, very poisoned, umbra, 67% to hit)
You throw a poisoned dart. The poisoned dart hits the orc knight.
The orc knight looks even sicker.
The orc knight is almost dead.
The orc knight hits you with a +1 great sword!
You die...

▓...#.)....#####..#___#___#__
▓..##...†...#..#..#)..#__)#._
▓##.##.##...#..#..###'#§###§#
##.##.###..##'#..#....§§§§§.
▓#.####.##..###...'.⌠.§§§§§§.
▓.###..##..####..(#...######'
▓#.....##..###....#.⌠.#__#...
###..##...##.....#...#__#...
##†.##....#@.....#'###__#...
#..###..##.#o....#.))#__#...
#..# #..#####....#___#__'...
▓▓▓▓ ▓▓▓▓ ▓▓▓▓▓▓▓▓▓▓▓▓▓▓▓▓
♣~~~ +♣≈≈ ♣♣♣


You could see an orc knight (very poisoned).

Vanquished Creatures
  Josephine (D)
  A centaur warrior (D)
  An orc sorcerer (D)
  A deep elf pyromancer (D)
  An unseen horror (D)
  A queen bee (D)
  3 wandering mushrooms (D)
  A shadow (D)
  A spatial vortex (D)
  2 centaurs (D)
  An earth elemental (D)
  A necrophage (D)
  A water elemental (D)
  32 killer bees (D)
  A jelly (D)
  2 orc priests (D)
  Jessica (D)
  A wizard (D)
  A necromancer (D)
  2 orc wizards (D)
  3 humans (D)
  A kobold demonologist (D)
  A phantom (D)
  6 orcs (D)
  A frilled lizard (D)
  3 rats (D)
71 creatures vanquished.

Vanquished Creatures (others)
  A plant (D)
1 creature vanquished.

Grand Total: 72 creatures vanquished

Notes
Turn   | Place    | Note
-------+----------+-------------------------------------------
     0 | D        | mhtbhm the Spriggan Brigand began the quest for the Orb.
     0 | D        | Reached XP level 1. HP: 10/10 MP: 2/2
    10 | D        | Reached skill level 6 in Stealth
    24 | D        | Noticed Jessica
    33 | D        | Killed Jessica
    34 | D        | Reached skill level 10 in Stealth
    34 | D        | Reached XP level 2. HP: 15/15 MP: 3/3
   111 | D        | Reached XP level 3. HP: 12/18 MP: 4/4
   211 | D        | Reached skill level 11 in Stealth
   244 | D        | Gained mutation: Your spells are a little harder to cast,
                  | but a little more powerful. [potion of mutation]
   245 | D        | Lost mutation: Your spells are a little harder to cast, but
                  | a little more powerful. [potion of mutation]
   245 | D        | Gained mutation: You occasionally lose the ability to drink
                  | potions when taking damage. [potion of mutation]
   245 | D        | Gained mutation: You sometimes lose your temper in combat.
                  | [potion of mutation]
   246 | D        | Lost mutation: You sometimes lose your temper in combat.
                  | [potion of mutation]
   246 | D        | Lost mutation: You occasionally lose the ability to drink
                  | potions when taking damage. [potion of mutation]
   246 | D        | Gained mutation: You are dopey. (Int -2) [potion of
                  | mutation]
   246 | D        | Gained mutation: You are clumsy. (Dex -2) [potion of
                  | mutation]
   246 | D        | Gained mutation: Your magical capacity is low. (-10% MP)
                  | [potion of mutation]
   246 | D        | Gained mutation: You have a pair of small horns on your
                  | head. [potion of mutation]
   247 | D        | Lost mutation: Your magical capacity is low. (-10% MP)
                  | [potion of mutation]
   247 | D        | Lost mutation: You are dopey. (Int -2) [potion of mutation]
   247 | D        | Lost mutation: You are clumsy. (Dex -2) [potion of
                  | mutation]
   247 | D        | Gained mutation: You are clumsy. (Dex -2) [potion of
                  | mutation]
   247 | D        | Gained mutation: You have sharp toenails. [potion of
                  | mutation]
   251 | D        | Noticed a water elemental
   253 | D        | Killed a water elemental
   254 | D        | Reached skill level 13 in Stealth
   254 | D        | Reached XP level 4. HP: 23/23 MP: 3/5
   277 | D        | Found a shadowy altar of Dithmenos.
   277 | D        | Noticed a necrophage
   278 | D        | Found a basalt altar of Yredelemnul.
   278 | D        | Found a sacrificial altar of Ru.
   280 | D        | Reached skill level 14 in Stealth
   280 | D        | Reached XP level 5. HP: 27/27 MP: 6/6
   282 | D        | Became a worshipper of Dithmenos the Shadowed
   287 | D        | Reached skill level 15 in Stealth
   348 | D        | Found a radiant altar of Vehumet.
   349 | D        | Found a shimmering blue altar of Sif Muna.
   349 | D        | Found an ancient bone altar of Kikubaaqudgha.
   351 | D        | Reached skill level 5 in Short Blades
   352 | D        | Reached * piety under Dithmenos
   353 | D        | Reached skill level 16 in Stealth
   353 | D        | Reached skill level 1 in Invocations
   366 | D        | Found a glowing silver altar of Zin.
   367 | D        | Found a glowing golden altar of the Shining One.
   367 | D        | Found a white marble altar of Elyvilon.
   367 | D        | Noticed a deep elf pyromancer
   369 | D        | Killed a deep elf pyromancer
   370 | D        | Reached skill level 5 in Throwing
   370 | D        | Reached skill level 19 in Stealth
   370 | D        | Reached XP level 6. HP: 33/33 MP: 6/10
   370 | D        | Reached XP level 7. HP: 37/37 MP: 6/11
   379 | D        | Found a hide-covered altar of Uskayaw.
   379 | D        | Found an iron altar of Okawaru.
   380 | D        | Found a bloodstained altar of Trog.
   380 | D        | Found an ornate altar of the Wu Jian Council.
   380 | D        | Noticed a human
   380 | D        | Noticed a human
   382 | D        | Killed a human
   383 | D        | Reached skill level 20 in Stealth
   383 | D        | Reached skill level 5 in Invocations
   417 | D        | Killed a human
   417 | D        | Reached ** piety under Dithmenos
   474 | D        | Noticed a shadow
   496 | D        | Killed a shadow
   497 | D        | Reached skill level 21 in Stealth
   497 | D        | Reached XP level 8. HP: 42/42 MP: 13/13
   577 | D        | Found a blossoming altar of Fedhas.
   577 | D        | Found a stormy altar of Qazlal.
   578 | D        | Found a snail-covered altar of Cheibriados.
   578 | D        | Found a burning altar of Makhleb.
   578 | D        | Found a hazy altar of Hepliaklqana.
   578 | D        | Found a shimmering altar of Xom.
   578 | D        | Found an opulent altar of Gozag.
   578 | D        | Found a sparkling altar of Nemelex Xobeh.
   578 | D        | Found a corrupted altar of Lugonu.
   578 | D        | Found a viscous altar of Jiyva.
   666 | D        | Noticed Josephine
   669 | D        | Killed Josephine
   669 | D        | Reached *** piety under Dithmenos
   670 | D        | Reached skill level 23 in Stealth
   685 | D        | Noticed a centaur warrior
   696 | D        | Reached XP level 9. HP: 32/45 MP: 15/15
   699 | D        | Killed a centaur warrior
   699 | D        | Reached **** piety under Dithmenos
   700 | D        | Reached skill level 24 in Stealth
   700 | D        | Reached skill level 1 in Evocations
   831 | D        | Noticed an unseen horror
   833 | D        | Killed an unseen horror
   838 | D        | Noticed a wandering mushroom
   843 | D        | Noticed a wandering mushroom
   845 | D        | Noticed a wandering mushroom
   846 | D        | Killed a wandering mushroom
   851 | D        | Killed a wandering mushroom
   852 | D        | Reached skill level 25 in Stealth
   854 | D        | Killed a wandering mushroom
   854 | D        | Reached ***** piety under Dithmenos
   876 | D        | Noticed a queen bee
   879 | D        | Reached ****** piety under Dithmenos
   880 | D        | Reached skill level 26 in Stealth
   880 | D        | Reached XP level 10. HP: 36/51 MP: 16/18
  1111 | D        | Found Koev's Antique Armour Shop.
  1112 | D        | Noticed an orc sorcerer
  1113 | D        | Noticed an orc knight
  1126 | D        | Killed an orc sorcerer
  1127 | D        | Reached skill level 5 in Dodging
  1127 | D        | Reached skill level 27 in Stealth
  1127 | D        | Reached skill level 10 in Invocations
  1218 | D        | Mangled by an orc knight

Illustrated notes

Levels and vault maps discovered:
D:        dungeon_sprint_mu [sprint_mu_entry_cave, sprint_mu_temple_rooms,
          sprint_mu_d1_horrors, sprint_mu_d2_genie, sprint_mu_d3_branching,
          sprint_mu_orc_legion, sprint_mu_elf_gauntlet, sprint_mu_hive_nellie,
          sprint_mu_lair_fedhas, sprint_mu_vaults_butterflies,
          sprint_mu_slime_circle, sprint_mu_swamp_cave, sprint_mu_shoals_archi,
          sprint_mu_blade_basic, sprint_mu_crypt_fortress,
          sprint_mu_tomb_spiral, sprint_mu_vestibule_basic,
          sprint_mu_gehenna_hellfire, sprint_mu_dis_giant,
          sprint_mu_tartarus_statrot, sprint_mu_cocytus_islands, sprint_mu_zot1]

Skill      XL: |  1  2  3  4  5  6  7  8  9 10 |
---------------+-------------------------------+-----
Stealth        | 10 13 14 19 21 23 26 27 | 27.0
Short Blades   | 3 4 6 7 8 9 |  9.1
Fighting       | 2 3 4 |  4.8
Throwing       | 3 5 7 8 9 |  9.2
Invocations    | 4 5 7 9 10 | 10.1
Dodging        | 2 4 5 |  5.1
Evocations     | 3 4 |  4.8

Action                   |  1- 3 |  4- 6 |  7- 9 | 10-12 || total
-------------------------+-------+-------+-------+-------++-------
Melee: Dagger            |    17 |     7 |    31 |    24 ||    79
       Kick              |       |     1 |     8 |     5 ||    14
       Headbutt          |       |       |     7 |     5 ||    12
Throw: Dart              |     4 |       |    12 |    13 ||    29
Evoke: Lightning rod     |       |       |     7 |    11 ||    18
  Use: Potion            |     4 |     1 |     1 |     4 ||    10
 Stab: Sleeping          |     4 |     4 |     8 |       ||    16
Armor: Robe              |       |       |     4 |       ||     4
Dodge: Dodged            |     7 |     4 |    21 |    22 ||    54

Table legend: (Time is in decaauts)
 A = Elapsed time spent in this place.
 B = Non-inter-level travel time spent in this place.
 C = Inter-level travel time spent in this place.
 D = Time resting spent in this place.
 E = Time spent auto-exploring this place.
 F = Levels seen in this place.
 G = Mean time per level.
                   A        B        C        D        E       F      G
               +--------+--------+--------+--------+--------+-----+--------+
         Total |   1015 |   1015 |      0 |    600 |     51 |   1 | 1015.0 |
       Dungeon |   1015 |   1015 |      0 |    600 |     51 |   1 | 1015.0 |
               +--------+--------+--------+--------+--------+-----+--------+

Top non-repeatable levels by time:
       D: 1015 daAuts
